 Dungeon Crawl Stone Soup version 0.25-a0-310-g60f0ac2d9a (webtiles) character file.

Game seed: 17151554419218527980, levelgen mode: deterministic

111 Holzbalken the Cudgeler (level 4, -5/28 HPs)
             Began as a Gargoyle Fighter on Dec 23, 2019.
             Slain by a black bear (6 damage)
             ... on level 3 of the Dungeon.
             The game lasted 00:04:29 (1698 turns).

Holzbalken the Cudgeler (Gargoyle Fighter)          Turns: 1698, Time: 00:04:29

Health: -5/28      AC: 10    Str: 21    XL:     4   Next: 92%
Magic:  4/4        EV:  7    Int:  8    God:
Gold:   150        SH:  9    Dex:  9    Spells: 3/3 levels left

rFire    . . .     SeeInvis .   a - +0 flail
rCold    . . .     Gourm    .   c - +0 shield
rNeg     + . .     Faith    .   b - +0 scale mail
rPois    ∞         Spirit   .   (no helmet)
rElec    +         Reflect  .   (no cloak)
rCorr    .         Harm     .   (no gloves)
MR       .....                  (no boots)
Stlth    ..........             (no amulet)
HPRegen  0.09/turn              (no ring)
MPRegen  0.09/turn              (no ring)

@: no status effects
A: negative energy resistance 1, electricity resistance, unbreathing,
petrification resistance, rot immunity, AC +3
a: no special abilities


You were on level 3 of the Dungeon.
You were not hungry.

You visited 1 branch of the dungeon, and saw 3 of its levels.

You collected 150 gold pieces.

Inventory:

Hand Weapons
 a - a +0 flail (weapon)
Missiles
 k - 5 boomerangs (quivered)
Armour
 b - a +0 scale mail (worn)
 c - a +0 shield (worn)
 q - a +0 chain mail
   (You found it on level 3 of the Dungeon)
Scrolls
 h - a scroll of teleportation {unknown}
 j - 2 scrolls of identify {unknown}
 l - a scroll of amnesia {unknown}
 m - a scroll of noise {unknown}
 o - a scroll of remove curse {unknown}
Potions
 d - a potion of might
 f - a potion of invisibility {unknown}
 g - 2 potions of brilliance {unknown}
 i - 3 potions of curing {unknown}
 n - a potion of ambrosia {unknown}
Comestibles
 e - 2 rations {!d}
 p - a chunk of flesh


   Skills:
 - Level 3.2 Fighting
 + Level 4.9 Maces & Flails
 - Level 3.2 Armour
 - Level 3.2 Shields


You had 3 spell levels left.
You didn't know any spells.
Your spell library was empty.

Dungeon Overview and Level Annotations

Branches:
Dungeon (3/15)

Altars:


Innate Abilities, Weirdness & Mutations

You are resistant to torment.
Your stone body is resilient. (AC +3)
You are immune to poison.
You resist negative energy. (rN+)
You are resistant to electric shocks. (rElec)
You can survive without breathing.
You are immune to petrification.
You are immune to rotting.


Message History

A kobold comes into view.
The kobold shouts!
You block the kobold's attack.
You hit the kobold. The kobold hits you but does no damage.
You closely miss the kobold. The kobold hits you. The kobold barely misses you.
Your shield and scale mail prevent you from hitting the kobold.
You block the kobold's attack.
You sock the kobold!
You kill the kobold!
Found a chain mail.
Okay, then.
Okay, then.
You see here a chain mail.
q - a chain mail A black bear comes into view.
The black bear growls angrily.
You thump the black bear! The black bear barely misses you.
You block the black bear's attack. The black bear claws you.
You hit the black bear. You block the black bear's attack.
The black bear closely misses you. The black bear claws you.
The black bear bites you. You block the black bear's attack. x2
You closely miss the black bear. You block the black bear's attack.
The black bear claws you but does no damage. x2
You barely miss the black bear.
The black bear bites you but does no damage.
The black bear claws you. You block the black bear's attack.
You hit the black bear.
The black bear goes berserk!
The black bear barely misses you. The black bear closely misses you.
You block the black bear's attack.
You hit the black bear. The black bear bites you.
The black bear claws you but does no damage.
The black bear barely misses you. The black bear bites you.
The black bear claws you but does no damage.
The black bear claws you.
* * * LOW HITPOINT WARNING * * *
You barely miss the black bear.
The black bear bites you but does no damage.
The black bear claws you.
* * * LOW HITPOINT WARNING * * *
You block the black bear's attack.
You completely miss the black bear. You block the black bear's attack.
The black bear claws you.
* * * LOW HITPOINT WARNING * * *
The black bear claws you but does no damage.
The black bear bites you but does no damage.
The black bear claws you.
* * * LOW HITPOINT WARNING * * *
You block the black bear's attack.
You hit the black bear. The black bear bites you.
You die...

#.#..#### .. .........
###.## #.#....## #
#....#######.#..... .
#....#....##..#...####
#....####.##..#.......
.............#.......
..#.###.#####.....#.#.....
........h@..........#..##.
#.##.###.#####.#.#.#.......
...........................
......#....###.#.#.##......
..##. #....# #.#.#.##......
# #..........#.##......
#......... #.##......
#......... ..........
####.###. .......#


You could see a black bear (berserk).

Vanquished Creatures
  3 gnolls (D:2)
  An adder (D:2)
  An ooze (D:2)
  2 worms (D:2)
  A dart slug (D:2)
  4 leopard geckos
  2 ball pythons
  4 giant cockroaches
  4 goblins
  6 hobgoblins
  7 jackals (D:2)
  6 bats
  4 frilled lizards
  6 kobolds
  5 rats
56 creatures vanquished.

Notes
Turn   | Place    | Note
-------+----------+-------------------------------------------
     0 | D:1      | Holzbalken the Gargoyle Fighter began the quest for the
                  | Orb.
     0 | D:1      | Reached XP level 1. HP: 14/14 MP: 1/1
   120 | D:1      | Reached XP level 2. HP: 19/19 MP: 2/2
   190 | D:1      | Reached skill level 3 in Maces & Flails
   662 | D:1      | Reached XP level 3. HP: 23/23 MP: 3/3
   874 | D:2      | Reached skill level 4 in Maces & Flails
   915 | D:2      | Reached XP level 4. HP: 28/28 MP: 4/4
  1683 | D:3      | Noticed a black bear
  1697 | D:3      | HP: 1/28 [black bear (4)]
  1698 | D:3      | Slain by a black bear

Levels and vault maps discovered:
D:1:      lightli_arrival_farm, layout_rooms
D:2:      layout_basic, serial_forest, infiniplex_forest_clump_curved,
          infiniplex_forest_clump_large, infiniplex_forest_end_double,
          infiniplex_forest_diagonal, infiniplex_forest_straight_1,
          infiniplex_forest_straight_1, kennysheep_generic_room_14
D:3:      layout_basic, first_ration, uniq_natasha, uniq_jessica

Skill      XL: |  1  2  3 |
---------------+----------+-----
Maces & Flails | 3 4 |  4.9
Fighting       | |  3.2
Armour         | |  3.2
Shields        | |  3.2

Action                   |  1- 3 |  4- 6 || total
-------------------------+-------+-------++-------
Melee: Flail             |   137 |    65 ||   202
Throw: Boomerang         |    11 |       ||    11
  Eat: Chunk             |       |     3 ||     3
Armor: Scale mail        |   111 |    26 ||   137
Dodge: Dodged            |    47 |    19 ||    66
Block: Shield            |    87 |    35 ||   122

Table legend:
 A = Non-vault XP
 B = Vault XP
 C = Vault XP percentage of total XP
 D = Non-vault monster count
 E = Vault monster count
 F = Vault count percentage of total count
                 A         B        C        D         E       F
            +---------+---------+-------+---------+---------+-------
      Total |     157 |       2 |   1.3 |      55 |       1 |   1.8
            +---------+---------+-------+---------+---------+-------
        D:1 |      35 |       0 |   0.0 |      21 |       0 |   0.0
        D:2 |     119 |       2 |   1.7 |      32 |       1 |   3.0
        D:3 |       3 |       0 |   0.0 |       2 |       0 |   0.0
            +---------+---------+-------+---------+---------+-------
